Map: Dragon Scales LE

Players

turdburglar - Winner!

  • Race: Terran Terran
  • League: Platinum
  • Spawn Location: 5:00

JellyCholt

  • Race: Zerg Zerg
  • League: Platinum
  • Spawn Location: 11:00

VOD

Have the link to the VOD?

Description

Time

  • Played on: Aug. 19, 2023, 6:42 p.m.
  • Length: 17:35
Show
View Real Time Build Order
Export as new Build Order

turdburglar Terran - Winner!

Build Orders: Reaper Expand 

Get SALT Encoding   

  12  0:00  SCV  
  13  0:12  SCV  
  14  0:17  Supply Depot  
  14  0:24  SCV  
  15  0:38  SCV  
  15  0:39  Barracks  
  16  0:43  Refinery  
  16  0:50  SCV  
  17  1:03  SCV  
  18  1:15  SCV  
  19  1:27  Orbital Command  
  19  1:28  Reaper  
  20  1:41  Command Center  
  20  1:52  Supply Depot  
  20  1:53  SCV  
  21  2:00  Marine  
  22  2:05  SCV  
  23  2:13  Factory  
  23  2:17  SCV  
  23  2:22  Barracks Reactor  
  24  2:29  SCV  
  25  2:43  SCV  
  26  2:47  Refinery  
  26  2:55  Orbital Command  
  26  2:59  SCV  
  27  3:09  Barracks Tech Lab  
  27  3:12  Starport  
  26  3:16  Hellion x2  
  26  3:17  SCV  
  31  3:25  SCV  
  32  3:29  Stimpack, SCV  
  33  3:36  Supply Depot  
  33  3:37  SCV  
  33  3:39  Hellion x2  
  38  3:41  SCV  
  38  3:45  Marine  
  40  3:49  SCV  
  40  3:50  Viking  
  40  3:53  SCV  
  44  4:01  SCV  
  45  4:04  Supply Depot  
  45  4:05  SCV  
  46  4:13  Hellion x2  
  46  4:14  SCV  
  51  4:17  SCV  
  51  4:19  Command Center  
  52  4:30  SCV x2  
  54  4:33  Liberator  
  57  4:42  SCV x2  
  57  4:43  Hellion  
  61  4:54  SCV  
  62  5:07  SCV  
  62  5:10  Hellion  
  57  5:17  SCV  
  57  5:19  SCV  
  59  5:23  Barracks  
  59  5:26  Starport Reactor  
  59  5:27  Barracks x2  
  59  5:29  SCV  
  59  5:30  Barracks  
  59  5:31  SCV  
  61  5:39  Orbital Command  
  61  5:41  SCV  
  59  5:45  Supply Depot  
  59  5:48  Factory Reactor  
  59  5:51  Refinery x2  
  59  5:55  Engineering Bay  
  59  5:57  Engineering Bay  
  59  6:11  SCV x3  
  62  6:12  Marine  
  62  6:13  Medivac x2  
  62  6:18  Marine x3  
  66  6:23  SCV x2  
  71  6:30  Marine  
  72  6:39  Marine  
  67  6:40  Marine x3  
  65  6:47  Marine  
  65  6:49  Barracks  
  65  6:53  Supply Depot x2  
  62  7:00  Marine x4  
  63  7:05  Marine  
  64  7:10  Factory Tech Lab  
  64  7:18  Medivac x2, Marine x3  
  71  7:37  Orbital Command  
  72  7:44  Barracks Reactor  
  72  7:45  Barracks Reactor  
  72  7:51  Barracks Reactor  
  71  7:56  Factory  
  71  8:06  Orbital Command  
  71  8:09  Refinery x2  
  71  8:13  Marine x2  
  71  8:15  Supply Depot, Marauder  
  71  8:16  Supply Depot  
  71  8:17  Supply Depot x2  
  75  8:28  Marine x4  
  75  8:29  Marine x4  
  75  8:31  Marine  
  84  8:34  SCV x2  
  84  8:35  SCV  
  87  8:45  Marine x2  
  87  8:46  Marine, Factory Tech Lab  
  87  8:47  Medivac  
  92  8:55  Marine x2  
  92  9:00  Marine x6  
  100  9:11  SCV, Sensor Tower  
  100  9:12  SCV x2  
  103  9:24  SCV  
  103  9:26  SCV x2  
  103  9:27  Terran Infantry Armor Level 1, Terran Infantry Weapons Level 1  
  105  9:32  Armory  
  105  9:36  SCV  
  105  9:38  SCV x2  
  108  9:42  Siege Tank  
  111  9:48  SCV  
  111  9:50  SCV  
  111  9:52  Refinery  
  113  9:53  Refinery  
  113  9:58  Marine x6  
  113  9:59  Marine x2  
  121  10:03  Supply Depot  
  121  10:10  SCV  
  121  10:11  SCV x2  
  124  10:21  Marine x7  
  124  10:22  Marine x2  
  124  10:25  Marine x2, Siege Tank x2  
  141  10:45  Marine x2, SCV  
  141  10:47  Supply Depot  
  144  10:50  Supply Depot  
  144  10:51  Command Center  
  144  10:54  Marauder  
  144  10:56  Marine x8  
  154  10:57  Barracks  
  154  10:58  Barracks, Siege Tank  
  154  10:59  Combat Shield  
  154  11:00  Barracks  
  157  11:09  Siege Tank  
  157  11:11  Supply Depot  
  160  11:13  Supply Depot  
  158  11:44  Marine x7  
  158  11:45  Siege Tank x2  
  171  11:47  Medivac x2  
  171  11:49  Barracks Tech Lab x3  
  172  12:06  Terran Infantry Armor Level 2, Terran Infantry Weapons Level 2  
  142  12:17  Siege Tank  
  142  12:22  Marine  
  113  12:23  Marine x7  
  113  12:24  Marauder x3  
  113  12:25  Siege Tank  
  122  12:30  Orbital Command  
  122  12:43  Marine x8  
  122  12:44  Marine  
  124  13:15  Marine  
  124  13:16  Marine x10  
  135  13:26  Marine x2  
  132  13:29  SCV x3  
  132  13:33  Marine x4  
  139  13:35  Marine  
  139  13:36  Marine x3  
  139  13:37  Command Center  
  130  13:52  Marine  
  130  13:53  Marine x7  
  130  13:54  Siege Tank  
  130  13:55  Siege Tank  
  144  14:03  Concussive Shells  
  144  14:06  Marine x5  
  144  14:08  Medivac x2  
  153  14:10  Marine  
  153  14:11  Marine  
  155  14:28  Marine x7  
  155  14:29  Marauder x2  
  155  14:30  Siege Tank x2  
  171  14:54  Marine x8  
  171  14:56  Marauder x2  
  182  15:12  Orbital Command  
  168  15:48  Marine x10  
  177  15:55  Barracks Tech Lab, SCV x3  
  177  15:56  Barracks Tech Lab  
  180  16:03  Planetary Fortress  
  180  16:07  SCV x2  
  179  16:25  Marine x7  
  155  16:32  Marine  
  159  16:33  Marine x4  
  162  16:44  SCV x3  
  165  16:56  SCV x3  
Show
View Real Time Build Order
Export as new Build Order

JellyCholt Zerg 

Build Orders: Hatch First 

Get SALT Encoding   

  12  0:00  Drone  
  13  0:13  Overlord  
  13  0:17  Drone  
  14  0:31  Drone x2  
  14  0:34  Drone  
  17  0:55  Hatchery, Drone  
  17  0:58  Drone  
  18  1:09  Extractor  
  17  1:13  Spawning Pool  
  17  1:16  Drone  
  17  1:19  Drone  
  18  1:29  Drone  
  19  1:48  Overlord  
  19  1:50  Drone  
  20  2:02  Drone  
  20  2:06  Queen x2  
  25  2:10  Metabolic Boost  
  25  2:16  Zergling x4  
  25  2:18  Drone  
  28  2:32  Spore Crawler  
  27  2:46  Queen  
  27  2:51  Overlord, Drone x5  
  34  3:10  Drone x2  
  36  3:16  Hatchery  
  36  3:20  Overlord, Drone x4  
  39  3:27  Drone x2  
  41  3:40  Roach Warren, Evolution Chamber  
  39  3:46  Overlord  
  39  3:47  Overlord  
  39  3:49  Lair  
  39  3:54  Extractor  
  39  3:55  Extractor  
  37  3:57  Drone x4  
  40  4:21  Zerg Missile Weapons Level 1  
  40  4:27  Drone x3  
  40  4:28  Drone x3  
  40  4:30  Queen  
  48  4:32  Overlord x2  
  48  4:48  Roach x3  
  48  4:49  Roach  
  51  4:58  Roach x4  
  39  5:15  Drone x2  
  41  5:26  Drone x3  
  41  5:27  Drone  
  45  5:41  Drone  
  45  5:42  Drone  
  47  5:46  Drone  
  47  5:47  Drone x3  
  51  5:53  Drone x2  
  53  6:03  Spore Crawler, Drone x2  
  51  6:24  Drone x3  
  51  6:25  Drone x6  
  52  6:51  Drone x3  
  55  7:05  Drone x11  
  55  7:06  Evolution Chamber  
  65  7:18  Spore Crawler, Drone  
  65  7:19  Spine Crawler, Drone x2  
  50  7:50  Roach  
  50  7:51  Roach x11  
  74  8:02  Overlord x2  
  74  8:20  Queen, Drone  
  74  8:23  Zergling x2  
  74  8:24  Zergling x2  
  79  8:27  Drone x2  
  79  8:28  Drone x4  
  79  8:30  Overlord  
  85  8:39  Overlord  
  85  8:40  Drone x2  
  85  8:41  Drone x3  
  90  8:44  Extractor  
  90  8:45  Extractor  
  88  8:50  Zerg Ground Armor Level 1, Zerg Missile Weapons Level 2  
  88  8:53  Queen x2  
  88  8:55  Queen  
  94  9:05  Drone x2  
  94  9:08  Roach x5  
  106  9:17  Overlord x3  
  106  9:27  Overlord x2  
  106  9:42  Overlord  
  106  10:02  Roach  
  106  10:03  Roach x13  
  134  10:17  Hatchery  
  131  10:34  Ravager x6  
  137  10:41  Overlord  
  137  10:42  Overlord x4  
  137  11:01  Zergling x2  
  137  11:02  Zergling x12  
  144  11:06  Ravager x6  
  144  11:08  Roach  
  144  11:09  Roach x6  
  144  11:10  Roach x2  
  166  11:30  Overlord  
  166  11:31  Overlord x2  
  166  11:32  Drone x5  
  171  11:33  Drone x2  
  117  12:43  Roach x15  
  117  12:44  Roach x7  
  159  13:00  Spine Crawler  
  139  13:16  Burrow  
  139  13:18  Extractor, Zerg Ground Armor Level 2  
  135  13:24  Infestation Pit  
  134  13:33  Roach  
  134  13:34  Roach x20  
  166  13:53  Roach  
  166  13:54  Roach x12  
  169  13:58  Ravager  
  169  13:59  Ravager x2  
  169  14:00  Ravager  
  169  14:01  Ravager x2  
  169  14:02  Zergling x4  
  174  14:28  Zergling x24  
  153  14:52  Roach  
  153  14:53  Roach x11  
  127  15:29  Ravager  
  127  15:30  Ravager x15  
  127  15:35  Zergling x22  
  145  15:36  Zergling x16  
  102  16:30  Zergling x2  
  102  16:31  Zergling x36  
  116  16:45  Extractor  
Tags
 
Add a new tag
Caveats
  • Supply blocks, unpowered buildings, or Contaminate may cause inaccurate times.
  • Supply counts are checked every 10 seconds.